[Event "November 21 Early 2023"]
[Site "https://www.chess.com"]
[Date "2023.11.21"]
[Round "8"]
[White "Rietze, Clemens, Dr."]
[Black "Spichkin, Alexander"]
[Result "1/2-1/2"]
[Board "123"]
[TimeControl "180+1"]
[WhiteFideId "24620351"]
[BlackFideId "4144074"]
[WhiteElo "2288"]
[BlackElo "1968"]
[WhiteTeam "GER"]
[BlackTeam "RUS"]
[WhiteClock "0:00:06"]
[BlackClock "0:00:20"]

1. d4 e6 2. c4 f5 3. Nf3 Nf6 4. Nc3 Be7 5. g3 O-O 6. Bg2 d6 7. O-O a5 8. Qc2 Nc6 9. e4 Nb4 10. Qe2 fxe4 11. Nxe4 Nxe4 12. Qxe4 e5 13. dxe5 Bf5 14. Qxb7 Rb8 15. Qa7 Be4 16. exd6 Bxd6 17. Nh4 Nc2 18. Bxe4 Nxa1 19. Be3 Rc8 20. Rxa1 Qf6 21. Bd4 Be5 22. Bd5+ Kh8 23. Bxe5 Qxe5 24. Qxa5 Rxf2 25. Kxf2 Qxb2+ 26. Kg1 Qxa1+ 27. Kg2 Qb1 28. Nf3 Rf8 29. Qxc7 Qxa2+ 30. Kh3 Qf2 31. Qe7 Qf1+ 32. Kg4 Rb8 33. Qe5 Rf8 34. Qd6 Re8 35. Qd7 h5+ 36. Kxh5 Rf8 37. Kg4 Qe2 38. h4 Re8 39. h5 Qe7 40. Qxe7 Rxe7 41. Ng5 Re5 42. Nf7+ Kh7 43. Nxe5 g5 44. Be4+ Kh6 45. Nf7+ Kg7 46. Nxg5 Kh6 47. Ne6 1/2-1/2

[Event "November 21 Early 2023"]
[Site "https://www.chess.com"]
[Date "2023.11.21"]
[Round "8"]
[White "Goldin, Roman"]
[Black "Kubicka, Anna"]
[Result "0-1"]
[Board "124"]
[TimeControl "180+1"]
[WhiteFideId "2803860"]
[BlackFideId "1152254"]
[WhiteElo "2312"]
[BlackElo "2042"]
[WhiteTeam "ISR"]
[BlackTeam "POL"]
[WhiteClock "0:00:00"]
[BlackClock "0:01:05"]

1. e4 c5 2. Nf3 d6 3. Bc4 Nf6 4. e5 dxe5 5. Nxe5 e6 6. Qe2 Be7 7. d3 O-O 8. O-O Nbd7 9. f4 Nb6 10. Bb3 Nbd5 11. Nd2 Qc7 12. Ndf3 b6 13. Bd2 Bb7 14. Rae1 a5 15. a4 Nb4 16. Ng5 Bd5 17. c4 Bb7 18. Bc3 Rae8 19. Nexf7 Rxf7 20. Nxf7 Kxf7 21. Qxe6+ Kf8 22. Bxf6 gxf6 23. d4 Qc6 24. d5 Qxe6 25. Rxe6 Bd8 26. f5 Bc8 27. Bd1 Bxe6 28. fxe6 Ke7 29. Bh5 Rg8 30. Rf4 Bc7 31. Rh4 Rg7 32. Bf7 Nd3 0-1

[Event "November 21 Early 2023"]
[Site "https://www.chess.com"]
[Date "2023.11.21"]
[Round "8"]
[White "Kozelov, Roman"]
[Black "Kanyamarala, Trisha"]
[Result "1-0"]
[Board "125"]
[TimeControl "180+1"]
[WhiteFideId "14133377"]
[BlackFideId "45004722"]
[WhiteElo "2149"]
[BlackElo "2078"]
[WhiteTeam "UKR"]
[BlackTeam "IRL"]
[WhiteClock "0:01:26"]
[BlackClock "0:00:54"]

1. e4 c5 2. Nf3 d6 3. Bb5+ Bd7 4. a4 Nf6 5. Nc3 a6 6. Bc4 e6 7. O-O Nc6 8. d4 cxd4 9. Nxd4 Be7 10. Be3 e5 11. Nxc6 bxc6 12. a5 O-O 13. Qe2 Be6 14. Bxa6 d5 15. Bb6 Qd7 16. exd5 cxd5 17. Bb5 Qd6 18. Rfd1 e4 19. h3 Bd8 20. Bd4 Bc7 21. g3 Nd7 22. Nxe4 dxe4 23. Bxg7 Qe7 24. Bc3 Bxh3 25. Qh5 Be6 26. Bxd7 Bxd7 27. Rxd7 Qe6 28. Qg5+ Qg6 29. Qxg6+ hxg6 30. Rxc7 Rfe8 31. Re1 1-0

[Event "November 21 Early 2023"]
[Site "https://www.chess.com"]
[Date "2023.11.21"]
[Round "8"]
[White "Kubatko, Ivan"]
[Black "Koepke, Christian"]
[Result "0-1"]
[Board "126"]
[TimeControl "180+1"]
[WhiteFideId "24111473"]
[BlackFideId "4655737"]
[WhiteElo "2285"]
[BlackElo "2238"]
[WhiteTeam "RUS"]
[BlackTeam "GER"]
[WhiteClock "0:00:03"]
[BlackClock "0:00:19"]

1. e4 c6 2. d4 d5 3. exd5 cxd5 4. c4 Nf6 5. Nc3 e6 6. Nf3 Bb4 7. cxd5 Nxd5 8. Bd2 Bd7 9. Bd3 Bc6 10. Ne5 Nd7 11. Nxc6 bxc6 12. O-O Nxc3 13. bxc3 Bd6 14. Be4 Qc7 15. Qf3 Rc8 16. g3 Nf6 17. Bd3 O-O 18. Bg5 Be7 19. Ba6 Rb8 20. Bf4 Bd6 21. Bxd6 Qxd6 22. Rab1 c5 23. Be2 cxd4 24. cxd4 Qxd4 25. Rb3 Rb6 26. Rd1 Qe4 27. Rxb6 axb6 28. Qxe4 Nxe4 29. Rd4 Nc3 30. Bc4 g6 31. Rd3 Ne4 32. Rb3 Rc8 33. Be2 Rc2 34. Bd3 Rc1+ 35. Kg2 Nc5 36. Ra3 Nxd3 37. Rxd3 Rc2 38. Rb3 Rxa2 39. Rxb6 g5 40. Rb7 Kg7 41. Rc7 Kg6 42. Rb7 g4 43. Rb5 h5 44. Rc5 f5 45. Rb5 Kf6 46. Rc5 Re2 47. Rb5 Kg5 48. Rb6 h4 49. gxh4+ Kxh4 50. Rb4 Kg5 51. Rb5 Rc2 52. Rb6 e5 53. Rb5 Kf4 54. Rb4+ e4 55. Ra4 Kg5 56. Kg1 Re2 57. Rb4 f4 58. Rb5+ Kh4 59. Rb8 Re1+ 60. Kg2 f3# 0-1

[Event "November 21 Early 2023"]
[Site "https://www.chess.com"]
[Date "2023.11.21"]
[Round "8"]
[White "Tarasova, Viktoriya"]
[Black "Cruz Mendez, Jean Marco"]
[Result "0-1"]
[Board "127"]
[TimeControl "180+1"]
[WhiteFideId "4175840"]
[BlackFideId "3526402"]
[WhiteElo "2182"]
[BlackElo "2064"]
[WhiteTeam "RUS"]
[BlackTeam "CUB"]
[WhiteClock "0:00:00"]
[BlackClock "0:01:53"]

1. d4 Nf6 2. c4 e6 3. Nc3 Bb4 4. e3 O-O 5. Bd3 b6 6. Ne2 Bb7 7. O-O d6 8. a3 Bxc3 9. Nxc3 Nbd7 10. e4 e5 11. d5 Bc8 12. b4 a5 13. Rb1 h6 14. f3 Nh5 15. g3 Kh7 16. f4 g6 17. f5 Ng7 18. Kh1 Nf6 19. Be3 Qe7 20. h4 gxf5 21. exf5 e4 22. Nxe4 Nxe4 23. f6 Qe5 24. fxg7 Kxg7 25. Bf4 Qd4 26. Qf3 Bf5 27. g4 Ng3+ 28. Bxg3 Bxd3 29. Bf2 Qe4 0-1

[Event "November 21 Early 2023"]
[Site "https://www.chess.com"]
[Date "2023.11.21"]
[Round "8"]
[White "Nikologorsky, Matfei"]
[Black "Sliwicki, Damian"]
[Result "1-0"]
[Board "128"]
[TimeControl "180+1"]
[WhiteFideId "24102474"]
[BlackFideId "1127128"]
[WhiteElo "2153"]
[BlackElo "1992"]
[WhiteTeam "FID"]
[BlackTeam "POL"]
[WhiteClock "0:01:10"]
[BlackClock "0:01:10"]

1. e4 d5 2. exd5 Nf6 3. Bb5+ Bd7 4. Be2 Nxd5 5. d4 e6 6. c4 Nf6 7. Nf3 Bb4+ 8. Nc3 Ne4 9. O-O Bxc3 10. Bd3 Bxb2 11. Bxb2 Nf6 12. Ba3 Bc6 13. d5 exd5 14. Re1+ Ne4 15. cxd5 Qxd5 16. Bxe4 Qxd1 17. Bxc6+ Kd8 18. Raxd1+ Kc8 19. Be4 1-0

[Event "November 21 Early 2023"]
[Site "https://www.chess.com"]
[Date "2023.11.21"]
[Round "8"]
[White "MIss_MIaMI"]
[Black "Toktomushev, Teimur"]
[Result "1-0"]
[Board "129"]
[TimeControl "180+1"]
[BlackFideId "14176726"]
[WhiteElo "2372"]
[BlackElo "2198"]
[BlackTeam "UKR"]
[WhiteClock "0:00:22"]
[BlackClock "0:00:02"]

1. e4 c5 2. Nf3 e6 3. d4 cxd4 4. c3 dxc3 5. Nxc3 Nc6 6. Bc4 Bb4 7. O-O Nge7 8. Nb5 d5 9. exd5 exd5 10. Bd3 a6 11. Nbd4 Nxd4 12. Nxd4 O-O 13. Be3 Ng6 14. Rc1 Re8 15. Bb1 Bd7 16. Nc2 Be7 17. Qxd5 Bc6 18. Qh5 Bf6 19. Rfd1 Qe7 20. Nd4 Be4 21. Nf5 Bxf5 22. Bxf5 Bxb2 23. Rb1 Bf6 24. Rd7 Qa3 25. Rbxb7 Rxe3 26. fxe3 Qxe3+ 27. Kf1 Rc8 28. Rd1 Rc1 29. Rb8+ Nf8 30. Qxh7# 1-0

[Event "November 21 Early 2023"]
[Site "https://www.chess.com"]
[Date "2023.11.21"]
[Round "8"]
[White "Ongut, Tamas Gunes"]
[Black "Ovezdurdyyeva, Jemal"]
[Result "1/2-1/2"]
[Board "130"]
[TimeControl "180+1"]
[WhiteFideId "770280"]
[BlackFideId "14001888"]
[WhiteElo "2148"]
[BlackElo "2086"]
[WhiteTeam "HUN"]
[BlackTeam "TKM"]
[WhiteClock "0:00:08"]
[BlackClock "0:00:12"]

1. e3 d6 2. f4 Nf6 3. Nf3 g6 4. g3 Bg7 5. Bg2 O-O 6. O-O Nc6 7. d4 e5 8. d5 Ne7 9. Nc3 exf4 10. gxf4 Bf5 11. Nd4 Bg4 12. Qe1 Qd7 13. Qh4 c5 14. dxc6 bxc6 15. h3 c5 16. hxg4 cxd4 17. exd4 Nxg4 18. Ne2 Rac8 19. c3 h5 20. Ng3 Nf5 21. Nxf5 Qxf5 22. Qg5 Qd3 23. f5 Qg3 24. Bf4 Qd3 25. fxg6 fxg6 26. Rad1 Qc2 27. Rd2 Qf5 28. Qxf5 Rxf5 29. Be4 Rf6 30. Rg2 Rcf8 31. Bd5+ Kh7 32. a4 Rxf4 33. Rxf4 Rxf4 34. Re2 Rf5 35. Be4 Ra5 36. b3 Rg5 37. Kh1 Nf6 38. Bf3 d5 39. c4 Ne4 40. Bxe4 dxe4 41. Rxe4 Rg3 42. Re7 Rxb3 43. Rxa7 Rb4 44. Rc7 Rxa4 45. d5 Kh6 46. c5 Rc4 47. c6 Be5 48. Rd7 Rd4 49. Kg1 Rc4 50. Kg2 Kg5 51. Kf3 Kf5 52. Rf7+ Kg5 53. Re7 Bf4 54. Rf7 h4 55. Rxf4 Rxf4+ 56. Ke3 h3 57. c7 Rf8 58. d6 h2 59. d7 h1=Q 60. d8=Q+ Rxd8 61. cxd8=Q+ Kh5 62. Qa5+ g5 63. Qd8 Qh3+ 64. Kf2 Qf5+ 65. Kg2 Qe4+ 66. Kf2 Qf4+ 67. Kg2 Kg4 68. Qd7+ Qf5 69. Qxf5+ Kxf5 70. Kf3 g4+ 71. Kg3 Kg5 72. Kg2 Kf5 73. Kg3 Kg5 74. Kg2 Kf5 75. Kg3 1/2-1/2

[Event "November 21 Early 2023"]
[Site "https://www.chess.com"]
[Date "2023.11.21"]
[Round "8"]
[White "Matthes, Aaron"]
[Black "Ismayil, Malak"]
[Result "0-1"]
[Board "131"]
[TimeControl "180+1"]
[WhiteFideId "16227310"]
[BlackFideId "13412604"]
[WhiteElo "2362"]
[BlackElo "1898"]
[WhiteTeam "GER"]
[BlackTeam "AZE"]
[WhiteClock "0:00:00"]
[BlackClock "0:00:04"]

1. g3 Nf6 2. Bg2 d5 3. Nf3 e6 4. O-O Be7 5. d4 O-O 6. b3 c5 7. Bb2 Nc6 8. Nbd2 b6 9. c4 Ba6 10. cxd5 exd5 11. dxc5 bxc5 12. Ne5 Nxe5 13. Bxe5 Rc8 14. Re1 Re8 15. Rc1 Ng4 16. Bb2 Bf6 17. Bxf6 Nxf6 18. b4 cxb4 19. Qa4 Qb6 20. Rxc8 Rxc8 21. Nf3 Ne4 22. e3 Nc3 23. Qd7 Rd8 24. Qe7 Qd6 25. Qxa7 Nxa2 26. Nd4 Nc3 27. Nf5 Qf6 28. Ne7+ Kh8 29. Ra1 Bc4 30. Qc7 Re8 31. Nc6 Ne2+ 32. Kh1 Qxf2 33. Qe5 Rg8 34. Ne7 Rf8 35. Nf5 f6 36. Qe7 Rg8 37. Ra8 Qe1+ 0-1

[Event "November 21 Early 2023"]
[Site "https://www.chess.com"]
[Date "2023.11.21"]
[Round "8"]
[White "Viskelis, Darius"]
[Black "Osmak, Yuliia"]
[Result "1-0"]
[Board "132"]
[TimeControl "180+1"]
[WhiteFideId "12800830"]
[BlackFideId "14101602"]
[WhiteElo "1859"]
[BlackElo "2303"]
[WhiteTeam "LTU"]
[BlackTeam "UKR"]
[WhiteClock "0:00:15"]
[BlackClock "0:00:08"]

1. e4 c5 2. Nf3 Nc6 3. Bb5 g6 4. O-O Bg7 5. Re1 e5 6. c3 Nge7 7. d4 cxd4 8. cxd4 Nxd4 9. Nxd4 exd4 10. e5 Nc6 11. Bf4 O-O 12. Nd2 a6 13. Bc4 b5 14. Bd5 Bb7 15. Qf3 Qb6 16. b4 Nd8 17. Bxb7 Qxb7 18. Ne4 Kh8 19. Qh3 Ne6 20. Bh6 Bxe5 21. Bxf8 Rxf8 22. Nc5 Qd5 23. Rxe5 Qxe5 24. Nxd7 Qe2 25. Nxf8 Nxf8 26. Qf3 Qb2 27. Rd1 Kg7 28. a3 Ne6 29. h4 h5 30. g3 Qc2 31. Kg2 Qb2 32. Qd3 Qa2 33. Rd2 Qd5+ 34. Qf3 Qc4 35. Qe4 Qc1 36. Rc2 Qb1 37. Qe5+ f6 38. Qe2 Qb3 39. Rc6 Kf7 40. Rxa6 d3 41. Ra7+ Kg8 42. Qe4 Nf8 43. Qe7 Qd5+ 44. Kh2 1-0

[Event "November 21 Early 2023"]
[Site "https://www.chess.com"]
[Date "2023.11.21"]
[Round "8"]
[White "Zampronha, Wladimir Camilo"]
[Black "BM223344"]
[Result "0-1"]
[Board "133"]
[TimeControl "180+1"]
[WhiteFideId "2103087"]
[WhiteElo "2055"]
[BlackElo "2485"]
[WhiteTeam "BRA"]
[WhiteClock "0:00:13"]
[BlackClock "0:01:45"]

1. e4 e6 2. d4 d5 3. Nc3 Nf6 4. e5 Nfd7 5. f4 c5 6. Nf3 Nc6 7. Be3 a6 8. Qd2 b5 9. dxc5 Bxc5 10. Bxc5 Nxc5 11. Qf2 Qb6 12. Bd3 Nxd3+ 13. cxd3 Qxf2+ 14. Kxf2 Bd7 15. Ne2 Ke7 16. Nfd4 Nb4 17. Rhd1 a5 18. a3 Na6 19. Rac1 Rhc8 20. Ke3 f6 21. Rxc8 Rxc8 22. Rc1 Rxc1 23. Nxc1 b4 24. axb4 axb4 25. Ndb3 g5 26. g3 gxf4+ 27. gxf4 fxe5 28. fxe5 Ba4 29. Kf4 Bxb3 30. Nxb3 Nb8 31. Kg5 Nc6 32. d4 Kf7 33. Kh6 Kg8 34. h4 Ne7 35. Kg5 Kf7 36. Kh6 Nf5+ 37. Kxh7 Nxh4 38. Kh6 Ng2 39. Nc5 Ne1 40. Na6 Nc2 41. Kg5 Ke7 42. Kf4 b3 43. Nc5 Nxd4 44. Ke3 Nc6 45. Nxb3 Nxe5 46. Nd4 Kd6 47. Nb5+ Kc5 48. Nc7 Nc4+ 49. Kd3 e5 50. Ne6+ Kd6 51. Ng5 Nxb2+ 52. Kc3 Na4+ 53. Kd3 Nc5+ 54. Kc3 e4 55. Kd4 Ne6+ 0-1

[Event "November 21 Early 2023"]
[Site "https://www.chess.com"]
[Date "2023.11.21"]
[Round "8"]
[White "FunnyDuck66"]
[Black "Pumpkin_in_moonlight"]
[Result "1-0"]
[Board "135"]
[TimeControl "180+1"]
[WhiteElo "2472"]
[BlackElo "2310"]
[WhiteClock "0:00:13"]
[BlackClock "0:00:00"]

1. d4 d5 2. c4 e6 3. Nc3 Nf6 4. cxd5 exd5 5. Bg5 Be7 6. e3 h6 7. Bh4 O-O 8. Bd3 c6 9. Nge2 Re8 10. Qc2 Nbd7 11. O-O Ne4 12. Bxe7 Qxe7 13. Rae1 Ndf6 14. f3 Nxc3 15. Nxc3 Qd6 16. Qf2 Bd7 17. h3 c5 18. dxc5 Qxc5 19. Re2 Bc6 20. Ree1 Rad8 21. Re2 a6 22. Rfe1 b5 23. a3 a5 24. Rc2 Qb6 25. Qd2 b4 26. axb4 axb4 27. Nd1 Ba4 28. Rc1 Ne4 29. fxe4 dxe4 30. Nf2 exd3 31. Rc4 Bc2 32. Rxb4 Qc5 33. Rg4 g6 34. h4 h5 35. Rg3 Qc4 36. Rf3 Re7 37. Nh3 Rde8 38. Ng5 Qb5 39. e4 Qxb2 40. Qf4 Qg7 41. Rf2 Rd7 42. Rd2 Red8 43. Rf1 Bb3 44. e5 Be6 45. Ne4 Bd5 46. Nf6+ Kh8 47. Nxd7 Rxd7 48. Rxd3 Be6 49. Rxd7 Bxd7 50. Qxf7 Be6 51. Qf6 Qxf6 52. exf6 1-0

[Event "November 21 Early 2023"]
[Site "https://www.chess.com"]
[Date "2023.11.21"]
[Round "8"]
[White "Ramla2020"]
[Black "Skibbe, Willi"]
[Result "0-1"]
[Board "136"]
[TimeControl "180+1"]
[BlackFideId "4682190"]
[WhiteElo "2467"]
[BlackElo "2274"]
[BlackTeam "GER"]
[WhiteClock "0:00:11"]
[BlackClock "0:00:15"]

1. c4 b6 2. Nc3 Bb7 3. e4 e6 4. a3 Nf6 5. d3 d5 6. cxd5 exd5 7. e5 d4 8. exf6 dxc3 9. Qe2+ Kd7 10. Qg4+ Ke8 11. Qe2+ Kd7 12. Nf3 Qxf6 13. Ne5+ Kc8 14. bxc3 Nd7 15. d4 Nxe5 16. dxe5 Qe6 17. f4 Bc5 18. Be3 Qb3 19. Bd2 h5 20. h4 g6 21. Qc4 Bd5 22. Qxb3 Bxb3 23. Bd3 Kb7 24. Be4+ c6 25. Rh3 Rad8 26. Rd3 Rxd3 27. Bxd3 Rd8 28. Ke2 Be6 29. Be4 Bg4+ 30. Bf3 Bf5 31. a4 a5 32. Rc1 Bd3+ 33. Ke1 Bc4 34. Be2 Bb3 35. Bd1 Be6 36. Be2 Kc7 37. g3 Bb3 38. Bd1 Bxd1 39. Rxd1 Rd3 40. Ke2 Rxg3 41. Rf1 Rg2+ 42. Kd3 Rf2 43. Re1 Kd7 44. c4 Rf3+ 45. Ke4 Rh3 46. Rd1 Kc7 47. Be1 Re3# 0-1

[Event "November 21 Early 2023"]
[Site "https://www.chess.com"]
[Date "2023.11.21"]
[Round "8"]
[White "Quirke, Jeffrey"]
[Black "Jamal-Jamal-Jamal"]
[Result "0-1"]
[Board "137"]
[TimeControl "180+1"]
[WhiteFideId "2013029"]
[WhiteElo "2230"]
[BlackElo "2465"]
[WhiteTeam "USA"]
[WhiteClock "0:00:00"]
[BlackClock "0:00:16"]

1. e4 e6 2. Nf3 d5 3. e5 c5 4. b4 cxb4 5. d4 Ne7 6. a3 bxa3 7. Bd3 Nec6 8. O-O Nd7 9. Nxa3 Bxa3 10. Bxa3 f6 11. exf6 Qxf6 12. Re1 Nb6 13. h4 h6 14. h5 Bd7 15. c4 Nxc4 16. Bxc4 dxc4 17. d5 Nd8 18. dxe6 Nxe6 19. Bd6 a6 20. Qd5 Rf8 21. Qxb7 Rd8 22. Bxf8 Kxf8 23. Rad1 Bb5 24. Rxd8+ Nxd8 25. Ne5 c3 0-1

[Event "November 21 Early 2023"]
[Site "https://www.chess.com"]
[Date "2023.11.21"]
[Round "8"]
[White "Ghosh, Chanchal Kumer"]
[Black "Pourkashiyan, Atousa"]
[Result "0-1"]
[Board "138"]
[TimeControl "180+1"]
[WhiteFideId "10201858"]
[BlackFideId "12502014"]
[WhiteElo "2067"]
[BlackElo "2221"]
[WhiteTeam "BAN"]
[BlackTeam "USA"]
[WhiteClock "0:00:00"]
[BlackClock "0:00:42"]

1. e4 c5 2. Nf3 e6 3. d4 cxd4 4. Nxd4 a6 5. Bd3 Bc5 6. Nb3 Be7 7. Nc3 Nc6 8. O-O Nf6 9. Be3 O-O 10. f4 d6 11. Rf3 Ng4 12. Rg3 Nxe3 13. Rxe3 Nb4 14. Rh3 Nxd3 15. cxd3 e5 16. f5 b5 17. Qh5 h6 18. Nd5 Bb7 19. Nxe7+ Qxe7 20. Rf1 Qf6 21. Rff3 Rac8 22. Rfg3 Kh7 23. Qe2 d5 24. Rh5 dxe4 25. dxe4 Rc4 26. Nd2 Rc1+ 27. Kf2 Rc2 28. Kf3 Rd8 29. Rgh3 Rcxd2 30. Qe1 R8d3+ 31. Kg4 Rxg2+ 0-1

[Event "November 21 Early 2023"]
[Site "https://www.chess.com"]
[Date "2023.11.21"]
[Round "8"]
[White "dumbernugget"]
[Black "Sadubayev, Airat"]
[Result "0-1"]
[Board "139"]
[TimeControl "180+1"]
[BlackFideId "13713264"]
[WhiteElo "2180"]
[BlackElo "2137"]
[BlackTeam "KAZ"]
[WhiteClock "0:02:04"]
[BlackClock "0:01:40"]

1. d4 Nf6 2. c4 e6 3. Nc3 d5 4. cxd5 exd5 5. Bg5 c6 6. e3 Bf5 7. Bd3 Bxd3 8. Qxd3 Be7 9. Nf3 Nbd7 10. O-O O-O 11. Rab1 h6 12. Bh4 Ne4 13. Bxe7 Qxe7 14. b4 b5 15. a4 Nxc3 16. Qxc3 Rfc8 17. axb5 cxb5 18. Qb3 Nb6 19. Ne5 Nc4 20. Nxc4 bxc4 21. Qc3 Rab8 22. Rb2 Rb5 23. h3 Rcb8 24. Ra1 Rxb4 25. Rxb4 Rxb4 26. Rxa7 Rb1+ 0-1

[Event "November 21 Early 2023"]
[Site "https://www.chess.com"]
[Date "2023.11.21"]
[Round "8"]
[White "Eggleston, Thomas A"]
[Black "Herzog2012"]
[Result "0-1"]
[Board "140"]
[TimeControl "180+1"]
[WhiteFideId "412139"]
[WhiteElo "2169"]
[BlackElo "2529"]
[WhiteTeam "ENG"]
[WhiteClock "0:00:00"]
[BlackClock "0:00:04"]

1. e4 c5 2. Nf3 Nc6 3. Bc4 d6 4. O-O Nf6 5. Re1 Bg4 6. h3 Bh5 7. c3 e6 8. d3 Be7 9. Bb3 O-O 10. Nbd2 d5 11. e5 Nd7 12. g4 Bg6 13. Nf1 d4 14. Ng3 dxc3 15. bxc3 Nb6 16. Bc2 Nd5 17. Bd2 f6 18. Ne4 f5 19. gxf5 Bxf5 20. Kg2 Qe8 21. Ng3 Bg6 22. Ng5 Bxg5 23. Bxg5 Qf7 24. Qd2 Nxc3 25. Kg1 Nd4 26. Re3 Nf3+ 27. Rxf3 Qxf3 28. Be3 Nd5 29. Bd1 Qf7 30. Bxc5 Qf4 31. Qe1 Rfc8 32. d4 b6 33. Ba3 Qxd4 34. Rc1 Rxc1 35. Bxc1 Qc3 36. Bd2 Qd4 37. h4 Qxh4 38. Bb3 Rf8 39. Bxd5 exd5 40. e6 Re8 41. Bb4 Be4 42. e7 Rxe7 43. Bxe7 Qxe7 44. f3 Qc5+ 45. Kh2 Bg6 46. Qe6+ Bf7 47. Qe5 Qf2+ 48. Kh3 h6 49. Kg4 Kh7 50. Nf5 Qg2+ 51. Kf4 Qh2+ 52. Kg4 Qxe5 0-1

[Event "November 21 Early 2023"]
[Site "https://www.chess.com"]
[Date "2023.11.21"]
[Round "8"]
[White "Mystery2007"]
[Black "Mikhailova, Irina"]
[Result "1-0"]
[Board "141"]
[TimeControl "180+1"]
[BlackFideId "4109040"]
[WhiteElo "2502"]
[BlackElo "2009"]
[BlackTeam "RUS"]
[WhiteClock "0:00:51"]
[BlackClock "0:01:17"]

1. Nf3 Nf6 2. b3 g6 3. Bb2 Bg7 4. c4 O-O 5. e3 c5 6. Be2 Nc6 7. O-O b6 8. d4 cxd4 9. exd4 d5 10. Nc3 dxc4 11. bxc4 Ba6 12. Qa4 Na5 13. Rac1 Rc8 14. Nb5 Bxb5 15. Qxb5 Ne4 16. Rfd1 Nd6 17. Qa4 Qe8 18. Qb4 Nc6 19. Qa3 Nf5 20. d5 Na5 21. Bxg7 Kxg7 22. c5 Qd8 23. h3 Rxc5 24. Rxc5 bxc5 25. Qxc5 Qb6 26. Qc3+ Qf6 27. Qxa5 1-0

[Event "November 21 Early 2023"]
[Site "https://www.chess.com"]
[Date "2023.11.21"]
[Round "8"]
[White "Kovalyov_Eduard"]
[Black "KorolDimitriy75"]
[Result "1-0"]
[Board "142"]
[TimeControl "180+1"]
[WhiteElo "2497"]
[BlackElo "2336"]
[WhiteClock "0:00:20"]
[BlackClock "0:00:00"]

1. Nf3 c5 2. g3 g6 3. Bg2 Bg7 4. O-O Nc6 5. d3 e5 6. c4 Nge7 7. Nc3 O-O 8. a3 d6 9. Rb1 f5 10. Ne1 Rb8 11. Nc2 Be6 12. Ne3 Qd7 13. Ned5 Rbe8 14. b4 b6 15. e3 g5 16. f4 exf4 17. gxf4 g4 18. Bd2 h5 19. Qe1 Ng6 20. Qf2 h4 21. Rfc1 h3 22. Bh1 Nce7 23. Nxe7+ Nxe7 24. Nd5 Bxd5 25. cxd5 Ng6 26. Bc3 Qe7 27. Bxg7 Kxg7 28. Re1 Qf6 29. bxc5 dxc5 30. a4 Re7 31. Re2 Rfe8 32. Rbe1 Qc3 33. e4 Qxd3 34. e5 Qc4 35. d6 Re6 36. Rf1 Qxa4 37. Bd5 Qd7 38. Ra1 Rf8 39. Rea2 Rf7 40. Rxa7 Qxa7 41. Rxa7 Rxa7 42. Bxe6 Ra1+ 43. Qf1 Rxf1+ 44. Kxf1 Nxf4 45. Bxf5 Kf8 46. e6 1-0

[Event "November 21 Early 2023"]
[Site "https://www.chess.com"]
[Date "2023.11.21"]
[Round "8"]
[White "Skurikhin, Dmitrij"]
[Black "Kovacsy, Barnabas"]
[Result "1-0"]
[Board "143"]
[TimeControl "180+1"]
[WhiteFideId "4161297"]
[BlackFideId "769290"]
[WhiteElo "2197"]
[BlackElo "2130"]
[WhiteTeam "RUS"]
[BlackTeam "HUN"]
[WhiteClock "0:00:34"]
[BlackClock "0:00:23"]

1. d4 Nf6 2. Nf3 g6 3. c4 Bg7 4. Nc3 d5 5. cxd5 Nxd5 6. e4 Nxc3 7. bxc3 c5 8. Rb1 cxd4 9. cxd4 O-O 10. Be2 b6 11. O-O Bg4 12. Be3 Nc6 13. d5 Bxf3 14. gxf3 Na5 15. Rc1 Qd6 16. f4 Rac8 17. Qa4 e5 18. fxe5 Bxe5 19. f4 Rxc1 20. Bxc1 Qc5+ 21. Kg2 Bg7 22. Bd2 Qe7 23. Rc1 Nb7 24. e5 Nc5 25. Qa3 Qh4 26. Qg3 Qd8 27. d6 Ne4 28. Qd3 Nxd2 29. Qxd2 Qd7 30. Rc7 Qf5 31. Bc4 g5 32. Rxf7 Rxf7 33. d7 Qg4+ 34. Kf2 Qh4+ 35. Kf1 Qh3+ 36. Ke1 Qh4+ 37. Kd1 Qg4+ 38. Kc1 Qg1+ 39. Kb2 1-0

[Event "November 21 Early 2023"]
[Site "https://www.chess.com"]
[Date "2023.11.21"]
[Round "8"]
[White "alfianasybullina"]
[Black "Haitin, Ilja"]
[Result "1-0"]
[Board "144"]
[TimeControl "180+1"]
[BlackFideId "4501764"]
[WhiteElo "2320"]
[BlackElo "2221"]
[BlackTeam "EST"]
[WhiteClock "0:00:15"]
[BlackClock "0:00:00"]

1. d4 d5 2. Nf3 Nf6 3. c3 Bf5 4. Qb3 b6 5. Bg5 e6 6. c4 Be7 7. Nc3 c6 8. e3 h6 9. Bxf6 Bxf6 10. cxd5 exd5 11. Be2 O-O 12. O-O Nd7 13. a4 a5 14. Rac1 Be6 15. Bd3 Be7 16. Rfd1 Bd6 17. h3 Qf6 18. Be2 Qg6 19. Kf1 f5 20. Qc2 Qf7 21. Bd3 g5 22. Ne2 g4 23. Nfg1 c5 24. Bb5 c4 25. Bxd7 Bxd7 26. Nf4 Rae8 27. Re1 Re4 28. g3 h5 29. h4 Bb4 30. Re2 Rfe8 31. b3 Rc8 32. Qb1 c3 33. Nd3 Bd6 34. Rec2 Bb4 35. Ne2 Rce8 36. Nxc3 Bc8 37. Ne5 Ba6+ 38. Kg2 R8xe5 39. dxe5 Rxe5 40. Ne2 d4 41. Nxd4 Bb7+ 42. Nc6 Qd5+ 43. Kg1 Re6 44. Rc4 Rxc6 45. Rxc6 Bxc6 46. Rxc6 Qxc6 47. Qxf5 Qc1+ 48. Kg2 Qc6+ 49. Kh2 Qf3 50. Qg6+ Kf8 51. Qh6+ Ke7 52. Qg7+ Kd6 53. Qd4+ Kc6 54. Qc4+ Bc5 55. Qe6+ Kc7 56. Kg1 Qd1+ 57. Kh2 Qf3 58. Kg1 Qd1+ 59. Kh2 Qd6 60. Qf7+ Qd7 61. Qxh5 Kc6 62. Qg6+ Qd6 63. Qxg4 Qf6 64. Qe4+ Kd6 65. Kg2 Qf7 66. Qf4+ Qxf4 67. exf4 Kd5 68. h5 Kd4 69. g4 Kc3 70. h6 Bf8 71. h7 Bg7 72. f5 Kxb3 73. g5 Kxa4 74. f6 Bh8 75. f7 Bg7 76. h8=Q Bxh8 77. f8=Q 1-0

[Event "November 21 Early 2023"]
[Site "https://www.chess.com"]
[Date "2023.11.21"]
[Round "8"]
[White "ChessLebaneseSalah"]
[Black "Der_Balak_3Halak"]
[Result "1-0"]
[Board "145"]
[TimeControl "180+1"]
[WhiteElo "2391"]
[BlackElo "2315"]
[WhiteClock "0:01:03"]
[BlackClock "0:00:18"]

1. e4 e6 2. d4 d5 3. e5 c5 4. c3 Nc6 5. Nf3 Qb6 6. Bd3 Bd7 7. O-O Rc8 8. dxc5 Bxc5 9. b4 Bf8 10. a4 Nge7 11. Na3 Ng6 12. Re1 Be7 13. Be3 Qd8 14. Nb5 Ncxe5 15. Nxe5 Nxe5 16. Nxa7 Nxd3 17. Nxc8 Nxe1 18. Nxe7 Nxg2 19. Nxd5 Nxe3 20. Nxe3 O-O 21. Qd4 Qg5+ 22. Qg4 Qf6 23. Qd4 Qg5+ 24. Kf1 Rd8 25. Qg4 Qe5 26. Qh4 Qxc3 27. Qxd8+ 1-0

[Event "November 21 Early 2023"]
[Site "https://www.chess.com"]
[Date "2023.11.21"]
[Round "8"]
[White "Rose, Felix"]
[Black "Figorito, Nick"]
[Result "1/2-1/2"]
[Board "146"]
[TimeControl "180+1"]
[WhiteFideId "5105722"]
[BlackFideId "30923689"]
[WhiteElo "2039"]
[BlackElo "2383"]
[WhiteTeam "MEX"]
[BlackTeam "USA"]
[WhiteClock "0:00:13"]
[BlackClock "0:00:07"]

1. e4 e6 2. d4 d5 3. Nc3 Bb4 4. Ne2 Nf6 5. e5 Nfd7 6. a3 Be7 7. Nf4 c5 8. Qg4 g6 9. Nd3 h5 10. Qf4 cxd4 11. Ne2 Nc6 12. Nxd4 Nxd4 13. Qxd4 Qb6 14. Qf4 Nc5 15. b4 Ne4 16. c4 Bg5 17. c5 Bxf4 18. cxb6 Bxc1 19. Rxc1 axb6 20. f3 Ng5 21. h4 Nh7 22. Nb2 O-O 23. a4 Bd7 24. b5 Rfc8 25. Kd2 Rxc1 26. Kxc1 Rc8+ 27. Kd2 Kf8 28. Bd3 Ke7 29. g4 hxg4 30. fxg4 Rh8 31. h5 Ng5 32. Ke3 gxh5 33. gxh5 f5 34. exf6+ Kxf6 35. Rf1+ Ke7 36. Bg6 e5 37. Rc1 Kd6 38. Rg1 Ne6 39. Rf1 Be8 40. Rf6 Bxg6 41. hxg6 Rg8 42. Nd3 Ke7 43. Rf7+ Kd6 44. Rf6 Ke7 45. Rf7+ Kd6 46. Rf6 1/2-1/2